 Dungeon Crawl Stone Soup version 0.30-a0-772-g5528072125 (webtiles) character file.

Game seed: 4094441365819390902

5973 domi the Trooper (level 10, -26/63 (76) HPs)
             Began as a Demonspawn Hedge Wizard on Feb 12, 2023.
             Was an Initiate of Gozag.
             Killed from afar by Josephine (28 damage)
             ... with a ghostly fireball
             ... on level 10 of the Dungeon.
             The game lasted 00:32:06 (12747 turns).

domi the Trooper (Demonspawn Hedge Wizard)         Turns: 12747, Time: 00:32:07

HP:   -26/63 (76)   AC: 13    Str: 11    XL:     10   Next: 55%
MP:   10/14         EV: 18    Int: 28    God:    Gozag
Gold: 482           SH:  5    Dex: 17    Spells: 2/15 levels left

rFire   . . .      SeeInvis +    z - +1 hammer "Demonspawn's Death" {spect, Int+3 SInv}
rCold   . . .      Faith    .    N - +0 buckler
rNeg    . . .      Spirit   .    K - +1 acid dragon scales
rPois   .          Reflect  .    A - +2 hat
rElec   .          Harm     .    y - +0 cloak
rCorr   +          Rampage  .    (no gloves)
Will    .....                    m - +1 pair of boots
Stlth   ++++                     (no amulet)
HPRegen 0.30/turn                D - ring of resist corrosion
MPRegen 0.14/turn                g - +6 ring of intelligence

@: agile, slowed, heavily drained, very slow
A: thin skeletal structure 2, demonic guardian 1, powered by pain 2, weakness
stinger 2, fangs 1
a: Renounce Religion, Potion Petition, Call Merchant, Bribe Branch


You were on level 10 of the Dungeon.
You worshipped Gozag.
Gozag was aware of your devotion.
You visited 2 branches of the dungeon, and saw 11 of its levels.

You collected 677 gold pieces.
You paid 195 gold pieces to Gozag.

Inventory:

Hand Weapons
 a - a +0 spectral dagger
 z - the +1 hammer "Demonspawn's Death" (weapon) {spect, Int+3 SInv}
   (You found it on level 4 of the Dungeon)

   Int:       It affects your intelligence (+3).
   SInv:      It lets you see invisible.
 F - a +3 dagger
   (You took it off an orc wizard on level 6 of the Dungeon)
 G - a +0 dagger of speed
   (You took it off an orc on level 6 of the Dungeon)
 Q - a +4 dagger of chaos
   (You took it off Psyche on level 9 of the Dungeon)
Missiles
 h - 76 stones (quivered)
 o - 5 curare-tipped darts {=f}
Armour
 m - a +1 pair of boots (worn)
   (You found it on level 2 of the Dungeon)
 y - a +0 cloak (worn)
   (You took it off Crazy Yiuf on level 4 of the Dungeon)
 A - a +2 hat (worn)
   (You found it on level 4 of the Dungeon)
 K - +1 acid dragon scales (worn)
   (You took it off Maggie on level 7 of the Dungeon)
 N - a +0 buckler (worn)
   (You found it on level 9 of the Dungeon)
 O - +0 steam dragon scales
   (You found it on level 9 of the Dungeon)
Magical Staves
 u - a staff of death {rN+}
   (You found it on level 5 of the Dungeon)
Jewellery
 g - a +6 ring of intelligence (right hand)
   (You found it on level 6 of the Dungeon)
 D - a ring of resist corrosion (left hand)
   (You found it on level 5 of the Dungeon)
 E - an amulet of guardian spirit {Spirit}
   (You found it on level 5 of the Dungeon)
 J - a ring of flight {+Fly, !d}
   (You found it on level 8 of the Dungeon)
Wands
 H - a wand of charming (11)
   (You found it on level 6 of the Dungeon)
 P - a wand of iceblast (3)
   (You took it off Maurice on level 10 of the Dungeon)
Scrolls
 b - a scroll of fear {unknown}
 c - a scroll of noise {unknown}
 d - 2 scrolls of summoning {unknown}
 e - 4 scrolls of blinking
 f - 3 scrolls of amnesia {unknown}
 q - a scroll of torment {unknown}
 t - 3 scrolls of enchant weapon
 v - a scroll of poison {unknown}
 w - 5 scrolls of teleportation {@r4}
 B - a scroll of vulnerability {unknown}
 C - a scroll of enchant armour {unknown}
 M - 2 scrolls of identify {@r1}
Potions
 i - 4 potions of might
 j - 4 potions of resistance
 l - 2 potions of mutation {!q!q}
 n - a potion of flight
 p - 2 potions of lignification {!q!q}
 r - a potion of degeneration {!q}
 s - 4 potions of attraction {!q}
 x - a potion of cancellation
 I - a potion of curing {unknown}
 L - a potion of haste {@q3}
Miscellaneous
 k - a condenser vane
   (You found it on level 9 of the Dungeon)


   Skills:
 + Level 5.7 Fighting
 + Level 5.1 Armour
 + Level 5.5 Dodging
 - Level 1.7 Stealth
 + Level 3.2 Shields
 - Level 3.0 Spellcasting
 - Level 5.0 Conjurations
 - Level 5.0 Summonings
 - Level 5.0 Translocations
 - Level 5.0 Air Magic
 - Level 5.0 Poison Magic


You had 2 spell levels left.
You knew the following spells:

 Your Spells              Type           Power      Damage    Failure   Level
b - Blink                 Tloc           64%        N/A       3%          2
c - Mephitic Cloud        Conj/Pois/Air  32%        N/A       6%          3
v - Airstrike             Air            16%        2d(3-19)  21%         4
x - Call Imp              Summ           32%        N/A       3%          2
y - Shock                 Conj/Air       100%       1d9       1%          1
z - Magic Dart            Conj           100%       1d8       1%          1

Your spell library contained the following spells:

 Spells                   Type           Power      Damage    Failure   Level
 Searing Ray              Conj           64%        2d6       3%          2
 Kiss of Death            Conj/Necr      72%        2d10      6%          1
 Cigotuvi's Dreadful Rot  Necr/Pois/Air  44%        N/A       6%          2
 Sandblast                Erth           8%         2d5       16%         1
 Slow                     Hex            16%        N/A       16%         1
 Passwall                 Tmut/Erth      3%         N/A       24%         2
 Sublimation of Blood     Necr           4%         N/A       24%         2
 Swiftness                Air            32%        N/A       6%          3
 Vhi's Electric Charge    Tloc/Air       64%        N/A       6%          3
 Stone Arrow              Conj/Erth      36%        3d9       17%         3
 Confusing Touch          Hex            4%         N/A       43%         3
 Fulminant Prism          Conj/Hex       9%         3d7       50%         4
 Dispel Undead            Necr           4%         3d7       85%         4
 Petrify                  Tmut/Erth      4%         N/A       85%         4
 Alistair's Intoxication  Tmut/Pois      12%        N/A       85%         5
 Irradiate                Conj/Tmut      9%         3d14      85%         5
 Dispersal                Tloc           16%        N/A       97%         6
 Borgnjor's Vile Clutch   Necr/Erth      2%         N/A       99%         5
 Eringya's Noxious Bog    Tmut/Pois      9%         N/A       100%        6
 Disjunction              Tloc           16%        N/A       100%        8


Dungeon Overview and Level Annotations

Branches:
Dungeon (10/15)            Temple (1/1) D:5
   Lair: D:8-11         Orc: D:9-12

Altars:
Cheibriados
Dithmenos
Fedhas
Gozag
Hepliaklqana
Kikubaaqudgha
Makhleb
Nemelex Xobeh
Okawaru
Qazlal
Ru
Sif Muna
Trog
Uskayaw
Vehumet
Wu Jian
Xom
Yredelemnul

Annotations:
D:10 Josephine


Innate Abilities, Weirdness & Mutations

You have a moderately thin skeletal structure. (Dex +4, Stealth++)
A weak demonic guardian rushes to your aid.
You sometimes gain power by taking damage.
You have a tail ending in a sharp stinger.
You have very sharp teeth.


Message History

Your +1 hammer "Demonspawn's Death" {spect, Int+3 SInv} hits the troll.
The troll is engulfed in noxious fumes.
The troll appears confused.
The troll looks very confused.
The troll bites you but does no damage. The troll closely misses you. x2
You hit the troll but do no damage. Your bite misses the troll.
Your +1 hammer "Demonspawn's Death" {spect, Int+3 SInv} hits the troll.
The troll completely misses your +1 hammer "Demonspawn's Death" {spect, Int+3 SInv}.
The troll claws your +1 hammer "Demonspawn's Death" {spect, Int+3 SInv}!
Your spectral weapon shares its damage with you!
The troll claws your +1 hammer "Demonspawn's Death" {spect, Int+3 SInv}.
Your spectral weapon shares its damage with you!
You take 6 damage, and have 63/74 hp.
Aim: a troll (almost dead, confused, 91% to hit)
The zap hits the troll!
You kill the troll!
You regained 2 hp, and now have 65/76 hp.
You now have 482 gold pieces (gained 16).
You open the door.
Found a glowing silver altar of Zin.
Health restored: 76; MP restored: 14
There is an open door here.
The angel shouts!
There is an open door here.
There is an open door here.
There is an open door here.
There is an open door here.
There is an open door here.
There is an open door here.
You open the door.
Josephine and 4 wraiths come into view.
Josephine is wielding a +0 dagger and carrying a wand of digging (3).
The zap hits the wraith.
The zap hits Josephine.
Josephine shouts!
The zap hits the wraith but does no damage.
The zap misses the wraith.
The zap hits the wraith.
You now have 13/14 mp.
The zap misses the wraith.
The zap hits Josephine.
The zap hits the wraith but does no damage. x2
The zap hits the wraith.
The wraith hits you but does no damage.
Josephine zaps a wand.
Some rock shatters into small pieces.
You now have 12/14 mp.
The zap hits the wraith.
The zap hits Josephine.
The zap misses the wraith.
The zap hits the wraith. x3; The wraith hits you.
You take 5 damage, and have 71/76 hp.
You now have 11/14 mp.
The zap hits the wraith.
The zap hits Josephine.
The zap misses the wraith. x4
You block the wraith's attack.
You now have 10/14 mp.
Okay, then.
Unknown command.
The wraith attacks as you move away! The wraith closely misses you.
Josephine points at you and mumbles some strange words.
The ghostly flame explodes!
The ghostly fireball engulfs the wraith.
The wraith completely resists.
The ghostly fireball engulfs Josephine.
Josephine completely resists.
The ghostly fireball engulfs you!!
You feel drained.
You focus on the pain.
You feel agile all of a sudden.
You take 20 damage, and have 52/73 hp.
MASSIVE DAMAGE!!
There is an open door here.
Josephine casts a spell at you.
The ghostly flame explodes!
The ghostly fireball engulfs the wraith.
The wraith completely resists.
The ghostly fireball engulfs you!
You feel drained.
You take 12 damage, and have 43/71 hp.
Josephine grinds her teeth.
The zap hits the wraith but does no damage.
The wraith hits you. The wraith drains your vigour!
You feel yourself slow down.
You hear a zap.
You hear a grinding noise.
You take 5 damage, and have 39/71 hp.
You now have 11/14 mp.
Okay, then.
Unknown command.
The zap hits the wraith but does no damage.
The zap hits the wraith.
The wraith misses you. The wraith hits you! The wraith drains your vigour!
You feel as though you will be slow longer.
You take 7 damage, and have 32/71 hp.
You now have 10/14 mp.
Unknown command.
There is an open door here.
The zap misses the wraith. x2; The zap hits Josephine.
The zap hits the wraith!
The wraith hits you but does no damage. Josephine casts a spell at you.
The ghostly flame explodes!
The ghostly fireball engulfs the wraith.
The wraith completely resists.
The ghostly fireball engulfs you!!
You feel drained.
* * * LOW HITPOINT WARNING * * *
A demonic guardian appears!
The ghostly fireball engulfs Josephine.
Josephine completely resists.
The wraith hits you but does no damage.
Josephine points at you and mumbles some strange words.
The ghostly flame explodes!
The ghostly fireball engulfs the wraith.
The wraith completely resists.
The ghostly fireball engulfs you!!
You feel drained.
You die...
Your body crumbles into a pile of gold.

#.......#.+...........# #......
#....)..#.#...........# #......
##.......#.#...........# #.)....
.........#.#...........####).....
##..>....#.#.........^.##.'......
#.........#...........##.#......
#.......###...........'..#......
####.#### #......5....#####'####
#..# #####@####### #..# #.##
#.W...# ##.# #.# ###@#.# #.#
###.### ######W'## #.# #.....#
#.....W..# #.# #.....# #........#
#.# #.....# #........# #.#
.#.....###. #........# #.#
.......>..#.##........# #.#


You could see Josephine, 3 wraiths and a friendly quasit (summoned, wandering).

Vanquished Creatures
  Maurice (D:10)
  Maggie (D:7)
  Psyche (D:9)
  A komodo dragon (D:6)
  2 trolls
  A shadow (D:10)
  2 wyverns (D:9)
  A steam dragon (D:9)
  Duvessa (D:7)
  An acid dragon (D:7)
  An orc warrior (D:6)
  2 black bears
  An ogre (D:4)
  4 centaurs
  A phantom (D:3)
  A kobold brigand (D:8)
  3 bullfrogs
  Blork the orc (D:5)
  4 scorpions
  12 wights
  Dowan (D:7)
  12 killer bees
  2 howler monkeys
  2 jellies (D:6)
  4 orc priests
  3 hounds
  Crazy Yiuf (D:4)
  5 iguanas
  7 orc wizards
  13 adders
  A shadow imp (D:7)
  4 white imps
  An ufetubus (D:6)
  3 worms
  37 orcs
  A bat (D:3)
  13 endoplasms
  4 giant cockroaches
  3 goblins
  10 hobgoblins
  7 jackals
  6 quokkas
  9 ball pythons
  3 frilled lizards
  12 kobolds
  2 rats
208 creatures vanquished.

Vanquished Creatures (collateral kills)
  An ice beast (D:6)
  A wight (D:5)
2 creatures vanquished.

Vanquished Creatures (others)
  A wight (D:8)
1 creature vanquished.

Grand Total: 211 creatures vanquished

Notes
Turn   | Place    | Note
-------+----------+-------------------------------------------
     0 | D:1      | domi the Demonspawn Hedge Wizard began the quest for the
                  | Orb.
     0 | D:1      | Reached XP level 1. HP: 13/13 MP: 4/4
   248 | D:1      | Reached skill level 2 in Conjurations
   259 | D:1      | Gained mutation: You have a somewhat thin skeletal
                  | structure. (Dex +2, Stealth+) [demonic ancestry]
   259 | D:1      | Reached XP level 2. HP: 11/19 MP: 1/6
   315 | D:1      | Learned a level 2 spell: Call Imp
   317 | D:1      | Learned a level 1 spell: Shock
  1053 | D:1      | Reached skill level 3 in Conjurations
  1115 | D:1      | Gained mutation: You sometimes gain a little power by
                  | taking damage. [demonic ancestry]
  1115 | D:1      | Reached XP level 3. HP: 24/24 MP: 4/7
  2022 | D:2      | Gained mutation: You have a small tail. [demonic ancestry]
  2022 | D:2      | Reached XP level 4. HP: 24/30 MP: 0/8
  2212 | D:2      | Reached skill level 4 in Conjurations
  4010 | D:4      | Reached XP level 5. HP: 35/35 MP: 6/9
  4016 | D:4      | Noticed a phantom
  4060 | D:3      | HP: 7/35 [phantom (2)]
  4061 | D:3      | Gained mutation: You have very sharp teeth. [potion of
                  | mutation]
  4082 | D:3      | HP: 4/35 [phantom (6)]
  4084 | D:3      | Killed a phantom
  4085 | D:3      | Reached skill level 5 in Conjurations
  4085 | D:3      | Reached skill level 2 in Summonings
  4209 | D:3      | Learned a level 2 spell: Blink
  4479 | D:4      | Noticed a black bear
  4498 | D:4      | Reached skill level 3 in Summonings
  4498 | D:4      | Gained mutation: A weak demonic guardian rushes to your
                  | aid. [demonic ancestry]
  4498 | D:4      | Reached XP level 6. HP: 40/41 MP: 1/10
  4639 | D:4      | Reached skill level 4 in Summonings
  4852 | D:3      | Learned a level 3 spell: Mephitic Cloud
  4891 | D:3      | Reached skill level 5 in Summonings
  5114 | D:4      | Found a runed translucent door.
  5115 | D:4      | Noticed Crazy Yiuf
  5125 | D:4      | Killed Crazy Yiuf
  5126 | D:4      | Reached skill level 1 in Air Magic
  5126 | D:4      | Reached skill level 1 in Poison Magic
  5126 | D:4      | Gained mutation: You have a moderately thin skeletal
                  | structure. (Dex +4, Stealth++) [demonic ancestry]
  5126 | D:4      | Reached XP level 7. HP: 46/46 MP: 1/11
  5135 | D:4      | Identified the +1 hammer "Demonspawn's Death" {spect, Int+3
                  | SInv}
  5334 | D:4      | Reached skill level 2 in Poison Magic
  5433 | D:5      | Entered Level 5 of the Dungeon
  5441 | D:5      | Reached skill level 2 in Air Magic
  5446 | D:5      | Found a bloodstained altar of Trog.
  5646 | D:5      | Reached skill level 3 in Poison Magic
  5657 | D:5      | Reached skill level 3 in Air Magic
  5800 | D:5      | Found a staircase to the Ecumenical Temple.
  5815 | Temple   | Entered the Ecumenical Temple
  6256 | D:5      | Found a snail-covered altar of Cheibriados.
  6331 | D:5      | Found a sparkling altar of Nemelex Xobeh.
  6331 | D:5      | Found a stormy altar of Qazlal.
  6427 | D:5      | HP: 6/44 [wight/+0 battleaxe (13)]
  6427 | D:5      | HP: 2/42 [wight/+0 battleaxe (4)]
  6433 | D:5      | Reached skill level 4 in Poison Magic
  6433 | D:5      | Gained mutation: You have a tail ending in a sharp stinger.
                  | [demonic ancestry]
  6433 | D:5      | Reached XP level 8. HP: 13/49 MP: 12/12
  6578 | D:5      | Reached skill level 4 in Air Magic
  6691 | D:5      | Got the Octavo of Superposition
  6804 | D:5      | Noticed Blork the orc
  6814 | D:5      | Killed Blork the orc
  7123 | D:6      | Reached skill level 5 in Poison Magic
  7311 | D:6      | Reached skill level 5 in Air Magic
  7375 | D:6      | Reached skill level 1 in Translocations
  7531 | D:6      | Reached skill level 2 in Translocations
  7542 | D:6      | Reached skill level 3 in Translocations
  7949 | D:6      | Noticed a komodo dragon
  7963 | D:6      | Killed a komodo dragon
  7964 | D:6      | Reached skill level 4 in Translocations
  7964 | D:6      | Reached XP level 9. HP: 56/57 MP: 8/13
  8244 | D:7      | Reached skill level 5 in Translocations
  8250 | D:7      | Reached skill level 2 in Dodging
  8401 | D:7      | Reached skill level 1 in Fighting
  8492 | D:7      | Reached skill level 1 in Armour
  8656 | D:7      | Noticed Duvessa
  8657 | D:7      | Noticed Dowan
  8800 | D:7      | Noticed Maggie
  8811 | D:7      | Killed Maggie
  8812 | D:7      | Reached skill level 2 in Fighting
  8812 | D:7      | Reached skill level 2 in Armour
  8891 | D:7      | Learned a level 4 spell: Airstrike
  8894 | D:7      | Reached skill level 3 in Dodging
  8924 | D:7      | Killed Duvessa
  8931 | D:7      | Killed Dowan
  8932 | D:7      | Reached skill level 3 in Fighting
  9449 | D:8      | Reached skill level 3 in Armour
  9761 | D:8      | Reached skill level 4 in Dodging
 10045 | D:8      | Reached skill level 4 in Fighting
 10474 | D:9      | Found an ornate altar of the Wu Jian Council.
 10483 | D:9      | Found a hazy altar of Hepliaklqana.
 10588 | D:9      | Reached skill level 4 in Armour
 10588 | D:9      | Reached skill level 1 in Shields
 10896 | D:9      | Gained mutation: You sometimes gain power by taking damage.
                  | [demonic ancestry]
 10896 | D:9      | Reached XP level 10. HP: 71/71 MP: 4/14
 11143 | D:9      | Noticed Psyche
 11389 | D:9      | Killed Psyche
 11506 | D:9      | Reached skill level 2 in Shields
 11518 | D:9      | HP: 15/73 [orc priest/+0 mace (6)]
 11766 | D:9      | Reached skill level 5 in Fighting
 11766 | D:9      | Reached skill level 5 in Dodging
 12041 | D:9      | HP: 16/74 [poisoned by a killer bee]
 12046 | D:9      | HP: 17/111 [poisoned by a killer bee]
 12341 | D:9      | Found an opulent altar of Gozag.
 12341 | D:9      | Found a shadowy altar of Dithmenos.
 12341 | D:9      | Found a basalt altar of Yredelemnul.
 12341 | D:9      | Found a burning altar of Makhleb.
 12346 | D:9      | Became a worshipper of Gozag Ym Sagoz the Greedy
 12433 | D:10     | Entered Level 10 of the Dungeon
 12433 | D:10     | Noticed Maurice
 12445 | D:10     | Killed Maurice
 12526 | D:10     | Reached skill level 3 in Shields
 12587 | D:10     | Reached skill level 5 in Armour
 12680 | D:10     | Noticed an angel
 12726 | D:10     | Noticed Josephine
 12747 | D:10     | HP: 2/67 [Josephine/ghostly fireball (31)]
 12747 | D:10     | Killed from afar by Josephine

Illustrated notes

Levels and vault maps discovered:
D:1:      minmay_arrival_checkered_box, layout_basic
D:2:      layout_basic
D:3:      layout_loops_cross, marbit_many_paths
D:4:      layout_rooms, kennysheep_generic_room_5, uniq_crazy_yiuf_cottage
D:5:      layout_rooms, mainiacjoe_overflow_alcove_2,
          mainiacjoe_overflow_tiny_flanked, gammafunk_temple_overflow_statue,
          minmay_temple_entry_crystal_x, uniq_blork_the_orc
D:6:      layout_basic, minmay_misc_feat_tiny
D:7:      layout_cave_pods, uniq_duvessa, uniq_maggie
D:8:      layout_loops_cross
D:9:      layout_loops_corners, grunt_temple_overflow_cloverleaf,
          mainiacjoe_overflow_swirl, uniq_psyche
D:10:     layout_roguey, ashenzari_conservatory_becter, zin_angel,
          patterned_corridor, uniq_maurice, uniq_josephine
Temple:   compressed_dpeg_triangle_lava_temple

Skill      XL: |  1  2  3  4  5  6  7  8  9 10 |
---------------+-------------------------------+-----
Conjurations   | 2 3 4 5 |  5.0
Summonings     | 3 5 |  5.0
Air Magic      | 1 3 5 |  5.0
Poison Magic   | 1 4 5 |  5.0
Translocations | 4 5 |  5.0
Dodging        | 4 5 |  5.5
Fighting       | 4 5 |  5.7
Armour         | 4 5 |  5.1
Shields        | 1 3 |  3.2
Stealth        | |  1.7
Spellcasting   | |  3.0

Action                     |  1- 3 |  4- 6 |  7- 9 | 10-12 || total
---------------------------+-------+-------+-------+-------++-------
  Melee: Dagger            |    35 |    78 |       |       ||   113
         Tailslap          |       |     8 |    26 |    17 ||    51
         Bite              |       |     2 |    29 |    11 ||    42
         Punch             |       |     1 |     3 |       ||     4
         Mace              |       |       |   190 |    88 ||   278
  Throw: Stone             |     8 |       |     2 |       ||    10
   Cast: Magic Dart        |    93 |   134 |    68 |     2 ||   297
         Shock             |     5 |     9 |    39 |    17 ||    70
         Call Imp          |       |     8 |     4 |     4 ||    16
         Mephitic Cloud    |       |     2 |    10 |     6 ||    18
         Blink             |       |       |     1 |       ||     1
         Airstrike         |       |       |     4 |     9 ||    13
  Evoke: Wand              |       |       |     2 |       ||     2
    Use: Scroll            |       |     9 |     2 |       ||    11
         Potion            |       |     3 |     8 |     2 ||    13
   Stab: Distracted        |       |     2 |       |       ||     2
         Confused          |       |       |     8 |     4 ||    12
         Invisible         |       |       |     3 |     1 ||     4
         Sleeping          |       |       |     5 |     1 ||     6
 Armour: Robe              |     7 |    36 |    45 |       ||    88
         Acid dragon scale |       |       |    42 |    45 ||    87
  Dodge: Dodged            |    24 |    74 |   155 |    96 ||   349
  Block: Buckler           |       |       |       |    33 ||    33

Table legend: (Time is in decaauts)
 A = Elapsed time spent in this place.
 B = Non-inter-level travel time spent in this place.
 C = Inter-level travel time spent in this place.
 D = Time resting spent in this place.
 E = Time spent auto-exploring this place.
 F = Levels seen in this place.
 G = Mean time per level.
                   A        B        C        D        E       F      G
               +--------+--------+--------+--------+--------+-----+--------+
         Total |  12843 |  12418 |    425 |   2542 |   7952 |  11 | 1167.5 |
       Dungeon |  12458 |  12036 |    422 |   2542 |   7577 |  10 | 1245.8 |
        Temple |    384 |    381 |      3 |      0 |    375 |   1 |  384.0 |
               +--------+--------+--------+--------+--------+-----+--------+

Top non-repeatable levels by time:
     D:9: 2144 daAuts
     D:3: 1915 daAuts
     D:6: 1334 daAuts
     D:2: 1295 daAuts
     D:1: 1230 daAuts
     D:7: 1178 daAuts
     D:5: 1113 daAuts
     D:4: 1000 daAuts
     D:8: 920 daAuts
  Temple: 384 daAuts
    D:10: 324 daAuts

Table legend:
 A = Kills in this place as a percentage of kills in entire the game.
 B = Kills by you in this place as a percentage of kills by you in the entire game.
 C = Kills by friends in this place as a percentage of kills by friends in the entire game.
 D = Other kills in this place as a percentage of other kills in the entire game.
 E = Experience gained in this place as a percentage of experience gained in the entire game.
 F = Experience gained in this place divided by the number of levels of this place that you have seen.
                   A       B       C       D       E      F
               +-------+-------+-------+-------+-------+----------------------
         Total | 100.0 | 100.0 | 100.0 | 100.0 | 100.0 | 775.8
       Dungeon | 100.0 | 100.0 | 100.0 | 100.0 | 100.0 | 853.4
               +-------+-------+-------+-------+-------+----------------------
